Workbook

Sheet 横断面流量
A1: 日期 | B1: 期日 | C1: 00点-1点 | D1: 1点-2点 | E1: 2点到3点 | F1: 3点-4点 | G1: 4点-5点 | H1: 5点-6点 | I1: 6点-7点 | J1: 7点-8点 | K1: 8点-9点 | L1: 9点-10点 | M1: 10点-11点 | N1: 11点-12点 | O1: 12点-13点 | P1: 13点-14点 | Q1: 14点-15点 | R1: 15点-16点 | S1: 16点-17点 | T1: 13点-16点 | U1: 17点-18点 | V1: 18点-19点 | W1: 19点-20点 | X1: 20点-21点 | Y1: 21点-22点 | Z1: 22点-23点 | AA1: 23点-24点
B2: 星期一
B3: 星期二
B4: 星期三
B5: 星期四
B6: 星期五
B7: 星期六
B8: 星期日

Sheet 加油车辆
A1: 日期 | B1: 期日 | C1: 项目 | D1: 00点-1点 | E1: 1点-2点 | F1: 2点到3点 | G1: 3点-4点 | H1: 4点-5点 | I1: 5点-6点 | J1: 6点-7点 | K1: 7点-8点 | L1: 8点-9点 | M1: 9点-10点 | N1: 10点-11点 | O1: 11点-12点 | P1: 12点-13点 | Q1: 13点-14点 | R1: 14点-15点 | S1: 15点-16点 | T1: 16点-17点 | U1: 13点-16点 | V1: 17点-18点 | W1: 18点-19点 | X1: 19点-20点 | Y1: 20点-21点 | Z1: 21点-22点 | AA1: 22点-23点 | AB1: 23点-24点 | AC1: 合计
B2: 星期一 | C2: 0#柴油 | D2: 80 | AC2: =SUM(C2:AB2) -> 80
C3: 92#汽油 | D3: 60 | AC3: =SUM(C3:AB3) -> 60
C4: 95#汽油 | D4: 120 | AC4: =SUM(C4:AB4) -> 120
C5: 98#汽油 | D5: 180 | AC5: =SUM(C5:AB5) -> 180
B6: 星期二 | C6: =C2 -> 0#柴油 | D6: 88 | AC6: =SUM(C6:AB6) -> 88
C7: =C3 -> 92#汽油 | D7: 90 | AC7: =SUM(C7:AB7) -> 90
C8: =C4 -> 95#汽油 | D8: 130 | AC8: =SUM(C8:AB8) -> 130
C9: =C5 -> 98#汽油 | D9: 200 | AC9: =SUM(C9:AB9) -> 200
B10: 星期三 | C10: =C6 -> 0#柴油 | D10: 90 | AC10: =SUM(C10:AB10) -> 90
C11: =C7 -> 92#汽油 | D11: 100 | AC11: =SUM(C11:AB11) -> 100
C12: =C8 -> 95#汽油 | D12: 150 | AC12: =SUM(C12:AB12) -> 150
C13: =C9 -> 98#汽油 | D13: 180 | AC13: =SUM(C13:AB13) -> 180
B14: 星期四 | C14: =C10 -> 0#柴油 | D14: 100 | AC14: =SUM(C14:AB14) -> 100
C15: =C11 -> 92#汽油 | D15: 200 | AC15: =SUM(C15:AB15) -> 200
C16: =C12 -> 95#汽油 | D16: 300 | AC16: =SUM(C16:AB16) -> 300
C17: =C13 -> 98#汽油 | D17: 200 | AC17: =SUM(C17:AB17) -> 200
B18: 星期五 | C18: =C14 -> 0#柴油 | AC18: =SUM(C18:AB18) -> 0
C19: =C15 -> 92#汽油 | AC19: =SUM(C19:AB19) -> 0
C20: =C16 -> 95#汽油 | AC20: =SUM(C20:AB20) -> 0
C21: =C17 -> 98#汽油 | AC21: =SUM(C21:AB21) -> 0
B22: 星期六 | C22: =C18 -> 0#柴油 | AC22: =SUM(C22:AB22) -> 0
C23: =C19 -> 92#汽油 | AC23: =SUM(C23:AB23) -> 0
C24: =C20 -> 95#汽油 | AC24: =SUM(C24:AB24) -> 0
C25: =C21 -> 98#汽油 | AC25: =SUM(C25:AB25) -> 0
B26: 星期日 | C26: =C22 -> 0#柴油 | AC26: =SUM(C26:AB26) -> 0
C27: =C23 -> 92#汽油 | AC27: =SUM(C27:AB27) -> 0
C28: =C24 -> 95#汽油 | AC28: =SUM(C28:AB28) -> 0
C29: =C25 -> 98#汽油 | AC29: =SUM(C29:AB29) -> 0

Sheet 净利润测算表
A3: 油品收入 | E3: 进货成本 | G3: 管理费用 | L3: 财务费用 | N3: 销售费用 | O3: 销售税费 | U3: 利润总额 | V3: 企业所得税 | W3: 净利润
A4: 油品 | B4: 周加油量 | C4: 油价 | D4: 销售收入 | E4: 进货价格 | F4: 进货成本 | G4: 维护维修费用 | H4: 办公费 | I4: 薪资 | J4: 保险费 | K4: 小计 | L4: 投资额 | M4: 利息 | O4: 增值税 | P4: 城市建设维护税 | Q4: 教育费附加 | R4: 地方教育费附加 | S4: 印花税 | T4: 小计
A5: =加油车辆!C2 -> 0#柴油 | B5: =加油车辆!AC2+加油车辆!AC6+加油车辆!K10+加油车辆!AB14+加油车辆!AB18+加油车辆!AB22+加油车辆!AB26 -> 168 | C5: =计算费率!G2 -> 6.6 | D5: =ROUND(B5*C5,2) -> 1108.8 | E5: =计算费率!F2 -> 3.2 | F5: =ROUND(B5*E5,2) -> 537.6 | G5: =ROUND(D5*计算费率!$B$10,2) -> 11.09 | H5: =ROUND(D5*计算费率!$B$11,2) -> 5.54 | I5: =ROUND(净利润测算表!D5*计算费率!$B$12,2) -> 11.09 | J5: =ROUND(净利润测算表!D5*计算费率!$B$13,2) -> 1.11 | K5: =G5+H5+I5+J5 -> 28.83 | L5: =ROUND(D5*计算费率!$B$15,2) -> 332.64 | M5: =ROUND(L5*计算费率!$B$16,2) -> 12.81 | N5: =ROUND(D5*计算费率!$B$14,2) -> 44.35 | O5: =ROUND(D5*计算费率!$B$2/(1+计算费率!$B$2),2) -> 127.56 | P5: =ROUND(O5*计算费率!$B$5,2) -> 8.93 | Q5: =ROUND(O5*计算费率!$B$6,2) -> 3.83 | R5: =ROUND(O5*计算费率!$B$7,2) -> 2.55 | S5: =ROUND(D5*计算费率!$B$8,2) -> 1.11 | T5: =SUM(O5:S5) -> 143.98 | U5: =D5-F5-G5-H5-I5-J5-T5 -> 398.39 | V5: =ROUND(U5*计算费率!$B$9,2) -> 99.6 | W5: =U5-V5 -> 298.79
A6: =加油车辆!C3 -> 92#汽油 | B6: =加油车辆!AC3+加油车辆!AC7+加油车辆!K11+加油车辆!AB15+加油车辆!AB19+加油车辆!AB23+加油车辆!AB27 -> 150 | C6: =计算费率!G3 -> 8.3 | D6: =ROUND(B6*C6,2) -> 1245 | E6: =计算费率!F3 -> 3.5 | F6: =ROUND(B6*E6,2) -> 525 | G6: =ROUND(D6*计算费率!$B$10,2) -> 12.45 | H6: =ROUND(D6*计算费率!$B$11,2) -> 6.23 | I6: =ROUND(净利润测算表!D6*计算费率!$B$12,2) -> 12.45 | J6: =ROUND(净利润测算表!D6*计算费率!$B$13,2) -> 1.25 | K6: =G6+H6+I6+J6 -> 32.38 | L6: =ROUND(D6*计算费率!$B$15,2) -> 373.5 | M6: =ROUND(L6*计算费率!$B$16,2) -> 14.38 | N6: =ROUND(D6*计算费率!$B$14,2) -> 49.8 | O6: =ROUND(D6*计算费率!$B$2/(1+计算费率!$B$2),2) -> 143.23 | P6: =ROUND(O6*计算费率!$B$5,2) -> 10.03 | Q6: =ROUND(O6*计算费率!$B$6,2) -> 4.3 | R6: =ROUND(O6*计算费率!$B$7,2) -> 2.86 | S6: =ROUND(D6*计算费率!$B$8,2) -> 1.25 | T6: =SUM(O6:S6) -> 161.67 | U6: =D6-F6-G6-H6-I6-J6-T6 -> 525.95 | V6: =ROUND(U6*计算费率!$B$9,2) -> 131.49 | W6: =U6-V6 -> 394.46
A7: =加油车辆!C4 -> 95#汽油 | B7: =加油车辆!AC4+加油车辆!AC8+加油车辆!K12+加油车辆!AB16+加油车辆!AB20+加油车辆!AB24+加油车辆!AB28 -> 250 | C7: =计算费率!G4 -> 9.1 | D7: =ROUND(B7*C7,2) -> 2275 | E7: =计算费率!F4 -> 3.7 | F7: =ROUND(B7*E7,2) -> 925 | G7: =ROUND(D7*计算费率!$B$10,2) -> 22.75 | H7: =ROUND(D7*计算费率!$B$11,2) -> 11.38 | I7: =ROUND(净利润测算表!D7*计算费率!$B$12,2) -> 22.75 | J7: =ROUND(净利润测算表!D7*计算费率!$B$13,2) -> 2.28 | K7: =G7+H7+I7+J7 -> 59.16 | L7: =ROUND(D7*计算费率!$B$15,2) -> 682.5 | M7: =ROUND(L7*计算费率!$B$16,2) -> 26.28 | N7: =ROUND(D7*计算费率!$B$14,2) -> 91 | O7: =ROUND(D7*计算费率!$B$2/(1+计算费率!$B$2),2) -> 261.73 | P7: =ROUND(O7*计算费率!$B$5,2) -> 18.32 | Q7: =ROUND(O7*计算费率!$B$6,2) -> 7.85 | R7: =ROUND(O7*计算费率!$B$7,2) -> 5.23 | S7: =ROUND(D7*计算费率!$B$8,2) -> 2.28 | T7: =SUM(O7:S7) -> 295.41 | U7: =D7-F7-G7-H7-I7-J7-T7 -> 995.43 | V7: =ROUND(U7*计算费率!$B$9,2) -> 248.86 | W7: =U7-V7 -> 746.57
A8: =加油车辆!C5 -> 98#汽油 | B8: =加油车辆!AC5+加油车辆!AC9+加油车辆!K13+加油车辆!AB17+加油车辆!AB21+加油车辆!AB25+加油车辆!AB29 -> 380 | C8: =计算费率!G5 -> 9.5 | D8: =ROUND(B8*C8,2) -> 3610 | E8: =计算费率!F5 -> 4.1 | F8: =ROUND(B8*E8,2) -> 1558 | G8: =ROUND(D8*计算费率!$B$10,2) -> 36.1 | H8: =ROUND(D8*计算费率!$B$11,2) -> 18.05 | I8: =ROUND(净利润测算表!D8*计算费率!$B$12,2) -> 36.1 | J8: =ROUND(净利润测算表!D8*计算费率!$B$13,2) -> 3.61 | K8: =G8+H8+I8+J8 -> 93.86 | L8: =ROUND(D8*计算费率!$B$15,2) -> 1083 | M8: =ROUND(L8*计算费率!$B$16,2) -> 41.7 | N8: =ROUND(D8*计算费率!$B$14,2) -> 144.4 | O8: =ROUND(D8*计算费率!$B$2/(1+计算费率!$B$2),2) -> 415.31 | P8: =ROUND(O8*计算费率!$B$5,2) -> 29.07 | Q8: =ROUND(O8*计算费率!$B$6,2) -> 12.46 | R8: =ROUND(O8*计算费率!$B$7,2) -> 8.31 | S8: =ROUND(D8*计算费率!$B$8,2) -> 3.61 | T8: =SUM(O8:S8) -> 468.76 | U8: =D8-F8-G8-H8-I8-J8-T8 -> 1489.38 | V8: =ROUND(U8*计算费率!$B$9,2) -> 372.35 | W8: =U8-V8 -> 1117.03
A9: 合计 | B9: =SUM(B5:B8) -> 948 | C9: =ROUND(D9/B9,2) -> 8.69 | D9: =SUM(D5:D8) -> 8238.8 | F9: =SUM(F5:F8) -> 3545.6 | G9: =SUM(G5:G8) -> 82.39 | H9: =SUM(H5:H8) -> 41.2 | I9: =SUM(I5:I8) -> 82.39 | J9: =SUM(J5:J8) -> 8.25 | K9: =SUM(K5:K8) -> 214.23 | L9: =SUM(L5:L8) -> 2471.64 | M9: =SUM(M5:M8) -> 95.17 | ... W9: =SUM(W5:W8) -> 2556.85
A10: 年油品收入 | D10: =D9*52 -> 428417.6 | F10: =F9*52 -> 184371.2 | G10: =G9*52 -> 4284.28 | H10: =H9*52 -> 2142.4 | I10: =I9*52 -> 4284.28 | J10: =J9*52 -> 429 | K10: =K9*52 -> 11139.96 | L10: =L9*52 -> 128525.28 | M10: =M9*52 -> 4948.84 | ... W10: =W9*52 -> 132956.2

Sheet 收益法计算过程
B2: 年净收益 | C2: =净利润测算表!W10 -> 132956.2
B3: 报酬率 | C3: =计算费率!B21 -> 0.117
B4: 收益年限 | C4: =计算费率!B17 -> 28
B5: 评估价值 | C5: =ROUND(C2/C3*(1-1/(1+C3)^6),0) -> 551313

Sheet 计算费率
E1: 油品 | F1: 进货价格 | G1: 销售价格
A2: 增值税税率 | B2: 0.13 | E2: 0#柴油 | F2: 3.2 | G2: 6.6
A3: 销售费用率 | B3: 0.01 | E3: 92#汽油 | F3: 3.5 | G3: 8.3
A4: 利息率 | B4: 0.0385 | E4: 95#汽油 | F4: 3.7 | G4: 9.1
A5: 城市建设维护税 | B5: 0.07 | E5: 98#汽油 | F5: 4.1 | G5: 9.5
A6: 教育费附加 | B6: 0.03
A7: 地方教育费附加 | B7: 0.02
A8: 印花税 | B8: 0.001
A9: 企业所得税 | B9: 0.25
A10: 维护维修费用 | B10: 0.01
A11: 办公费 | B11: 0.005
A12: 薪资 | B12: 0.01
A13: 保险费 | B13: 0.001
A14: 销售费率 | B14: 0.04
A15: 投资比重 | B15: 0.3
A16: 利息率 | B16: 0.0385
A17: 剩余土地使用权年限 | B17: 28
... A20: 市场收益率 | B20: 0.1
A21: 报酬率 | B21: =B18+B19*(B20-B18) -> 0.117

Sheet 配置情况
A1: 土地面积
A2: 房屋面积
A3: 加油棚面积
A4: 储油罐数量
A5: 加油枪数量
A7: 房屋基本情况
A8: 序号 | B8: 建筑面积 | C8: 层高 | D8: 结构类型 | E8: 装修情况 | J8: 设备设施 | N8: 建筑形式 | O8: 建成年份
E9: 门窗 | F9: 地面 | G9: 墙面 | H9: 屋顶 | I9: 外墙面 | J9: 供暖 | K9: 电气照明 | L9: 消防设施 | M9: 供水 | N9: 屋顶
A18: 合计
A20: 储油罐基本情况
A21: 序号 | B21: 容积 | C21: 购置年份 | D21: 安装年份 | E21: 账面原值 | F21: 账面净值 | G21: 材料种类 | H21: 最近检测时间 | I21: 检测机构 | J21: 储油品种 | K21: 油枪数量
A29: 合计
